AoeStats
← 神圣罗马帝国 | Holy Roman

Black Forest

510491249Analyzed
4v4 RM · 2d ago on Oct 1, 2026· 48m 18s· 8 players
Game mode
Random Map
Map size
Large (8 player)
Population
200
Speed
Normal
Resources
Standard
Victory
Conquest
Starting age
Dark Age
Ending age
Imperial Age
RankedLock teamsTeams togetherTeam positionsShared explorationLock speedFull tech treeHidden civsTurbo modeCheats
Victory
Defeat
🇨🇳 Huns · China
1361
+14
1300
+17
🇺🇸 Burgundians · United States
1239
+19
🇲🇽 Saracens · Mexico
1220
+20
🇳🇴 Hindustanis · Norway
1479
-24
🇸🇪 Britons · Sweden
1436
-38
🇸🇪 Danes · Sweden
1220
-14
🇸🇪 Spanish · Sweden
1132
-10
神圣罗马帝国 | Holy Roman
0:45 Loom
12:27 Feudal Age
13:12 Double-Bit Axe
16:46 Castle Age
15:36 Horse Collar
17:43 Bow Saw
18:17 Wheelbarrow
21:51 Stone Mining
21:55 Gold Mining
22:53 Town Watch
25:42 Hand Cart
25:39 Heavy Plow
27:23 Gold Shaft Mining
31:03 Imperial Age
28:40 Scale Mail Armor
28:31 Fletching
28:52 Forging
29:58 Chain Mail Armor
29:46 Squires
29:08 Pikeman
30:29 Bodkin Arrow
30:22 Gambesons
30:31 Man-at-Arms
31:04 Clerical Recruitment
32:12 Conscription
31:54 Treadmill Crane
32:25 Masonry
32:09 Guard Tower
32:03 Long Swordsman
33:23 Block Printing
33:58 Thumb Ring
33:13 Cranequins
33:51 Elite Varangian Guard
35:19 Plate Mail Armor
35:36 Keep
35:51 Murder Holes
36:58 Chemistry
35:43 Arrowslits
35:29 Clerical Recruitment
36:33 Sanctity
38:39 Two-Man Saw
38:49 Illumination
39:59 Iron Casting
40:42 Shield Wall
42:10 Bracer
42:42 Architecture
44:07 Halberdier
44:35 Arson
45:10 Caravan
47:27 Fortified Wall
JR | Original Poringo
1:59 Loom
10:59 Feudal Age
13:26 Fletching
18:49 Double-Bit Axe
24:44 Castle Age
23:01 Gold Mining
23:26 Horse Collar
29:41 Imperial Age
27:59 Bow Saw
27:46 Crossbowman
29:59 Bodkin Arrow
30:04 Padded Archer Armor
32:20 Arbalester
34:45 Bracer
38:25 Leather Archer Armor
39:18 Thumb Ring
41:52 Chemistry
41:12 Ballistics
42:26 Ring Archer Armor
Returned_Legend
6:47 Loom
12:33 Feudal Age
13:36 Double-Bit Axe
14:00 Horse Collar
16:39 Castle Age
14:57 Heavy Plow
15:56 Bow Saw
16:47 Gold Mining
17:07 Cavalier
22:39 Wheelbarrow
23:38 Hand Cart
27:01 Stone Mining
29:45 Imperial Age
27:53 Gold Shaft Mining
27:53 Scale Barding Armor
28:32 Husbandry
28:57 Chain Barding Armor
30:32 Stone Shaft Mining
30:40 Forging
31:45 Chemistry
30:18 Capped Ram
30:33 Paladin
32:53 Iron Casting
35:43 Blast Furnace
36:39 Conscription
37:55 Plate Barding Armor
38:59 Two-Man Saw
38:31 Crop Rotation
37:54 Fletching
38:18 Masonry
38:05 Onager
39:15 Caravan
41:18 Burgundian Vineyards
40:45 Sappers
41:57 Ballistics
41:33 Murder Holes
41:26 Light Cavalry
43:15 Bombard Tower
43:52 Hoardings
43:52 Architecture
43:05 Treadmill Crane
44:24 Coinage
44:05 Guilds
43:51 Hussar
后入显风格
3:14 Loom
11:31 Feudal Age
15:03 Castle Age
13:08 Double-Bit Axe
13:51 Horse Collar
16:43 Bow Saw
23:17 Fervor
23:22 Heavy Plow
24:02 Wheelbarrow
24:09 Stone Mining
26:41 Gold Mining
30:27 Imperial Age
28:18 Hand Cart
29:08 Scale Barding Armor
29:10 Caravan
29:20 Town Watch
29:57 Marauders
30:24 Forging
30:40 Chain Barding Armor
30:49 Squires
30:34 Arson
31:10 Ballistics
31:37 Gold Shaft Mining
31:05 Husbandry
31:16 Bloodlines
30:54 Elite Tarkan
31:55 Conscription
32:13 Plate Barding Armor
32:14 Iron Casting
32:57 Two-Man Saw
31:52 Light Cavalry
32:36 Fletching
33:27 Hussar
35:57 Blast Furnace
38:24 Scale Mail Armor
39:27 Chemistry
37:49 Pikeman
41:09 Guilds
41:31 Coinage
41:40 Chain Mail Armor
40:49 Halberdier
44:42 Murder Holes
46:50 Bodkin Arrow
47:32 Bracer
The Prayer [SE]
0:52 Loom
12:04 Feudal Age
17:12 Castle Age
18:33 Double-Bit Axe
18:32 Horse Collar
19:04 Fletching
21:45 Bow Saw
23:13 Gold Mining
25:00 Stone Mining
26:58 Heavy Plow
30:10 Bodkin Arrow
33:22 Imperial Age
32:11 Gold Shaft Mining
32:43 Arson
33:00 Squires
32:46 Gambesons
33:50 Pikeman
34:38 Scale Mail Armor
34:50 Forging
34:20 Elite Varangian Guard
35:01 Halberdier
36:12 Chain Mail Armor
44:17 Plate Mail Armor
44:22 Iron Casting
WennisTheMenace
11:23 Feudal Age
17:02 Castle Age
15:50 Double-Bit Axe
15:48 Horse Collar
23:09 Scale Barding Armor
23:46 Forging
24:47 Bloodlines
26:35 Wheelbarrow
27:14 Bow Saw
30:03 Gold Mining
30:15 Heavy Plow
30:40 Chain Barding Armor
30:55 Iron Casting
30:24 Husbandry
33:13 Imperial Age
31:45 Fletching
33:15 Cavalier
34:29 Conscription
35:00 Plate Barding Armor
35:26 Blast Furnace
35:07 Paladin
36:19 Caravan
38:06 Bodkin Arrow
37:59 Loom
38:00 Town Watch
38:31 Hand Cart
39:19 Two-Man Saw
40:17 Chemistry
40:21 Pikeman
forsbackazlatan
0:36 Loom
10:35 Feudal Age
15:04 Castle Age
14:11 Double-Bit Axe
14:21 Gold Mining
14:23 Stone Mining
25:09 Horse Collar
31:31 Fletching
31:37 Gold Mining
33:25 Gold Shaft Mining
33:20 Padded Archer Armor
36:28 Imperial Age
35:05 Ballistics
34:52 Bodkin Arrow
35:44 Leather Archer Armor
36:38 Wheelbarrow
37:17 Bracer
38:24 Chemistry
37:47 Bow Saw
37:59 Heavy Plow
38:26 Yeomen
38:38 Conscription
39:06 Fortified Wall
39:07 Masonry
38:50 Elite Longbowman
41:18 Ring Archer Armor
40:15 Pikeman
40:56 Squires
41:18 Scale Mail Armor
41:45 Caravan
42:19 Halberdier
[GRR] Lemmit
6:26 Loom
11:54 Feudal Age
15:36 Castle Age
13:53 Double-Bit Axe
14:05 Horse Collar
16:49 Bow Saw
17:21 Heavy Plow
23:59 Wheelbarrow
25:02 Fervor
25:19 Gold Mining
26:08 Coinage
26:09 Scale Barding Armor
28:09 Stone Mining
28:33 Forging
28:44 Chain Barding Armor
30:59 Imperial Age
28:36 Murder Holes
28:31 Town Watch
29:39 Chain Barding Armor
30:16 Iron Casting
30:38 Hand Cart
31:13 Bloodlines
31:12 Husbandry
31:02 Heavy Camel Rider
32:21 Plate Barding Armor
33:03 Blast Furnace
33:11 Two-Man Saw
33:11 Ballistics
33:52 Banking
32:51 Imperial Camel Rider
33:28 Fletching
34:01 Conscription
35:37 Chemistry
34:50 Masonry
35:03 Caravan
35:33 Bodkin Arrow
35:47 Scale Mail Armor
35:47 Elite Skirmisher
37:08 Bracer
37:06 Light Cavalry
38:11 Town Patrol
38:34 Chain Mail Armor
38:20 Padded Archer Armor
38:28 Siege Engineers
37:58 Hussar
39:33 Hoardings
40:17 Grand Trunk Road
40:20 Shatagni
40:54 Leather Archer Armor
41:06 Fortified Wall
41:22 Guard Tower
42:07 Ring Archer Armor
40:59 Pikeman
42:58 Squires
42:43 Arson
Connection lost

Rejoining the realm…

Still unreachable

The connection could not be restored.

Session expired

The server has moved on; the page needs a fresh start.